 Dungeon Crawl Stone Soup version 0.31-a0-358-gac0dbeb3ab (webtiles) character file.

Game seed: 13236486004717925109

130839 Midn8 the Warrior (level 17, -5/216 HPs)
             Began as a Human Brigand on July 25, 2023.
             Was the Champion of Wu Jian.
             Slain by a bunyip (43 damage)
             ... called by a spriggan druid
             ... on level 3 of the Swamp.
             The game lasted 01:38:11 (26178 turns).

Midn8 the Warrior (Human Brigand)                  Turns: 26178, Time: 01:38:11

Health: -5/216     AC: 16    Str: 34    XL:     17   Next: 65%
Magic:  17/17      EV: 14    Int: 11    God:    Wu Jian [******]
Gold:   1609       SH:  0    Dex: 17    Spells: 16/16 levels left

rFire   + +          .
                       - Unarmed
rCold   x . .        (shield currently unavailable)
rNeg    . . .        g - melded +6 plate armour {ponderous}
rPois   +            (helmet currently unavailable)
rElec   .            c - melded +0 cloak
rCorr   .            L - melded +0 pair of gloves
SInv    .            m - melded +0 pair of boots
Will    ++...        J - amulet of regeneration
Stlth   +++          b - +4 ring of protection
HPRegen 1.36/turn    q - ring "Bosarph" {Drain rPois Will+ Str+9 Dex-3}
MPRegen 0.15/turn

%: no passive effects
@: exhausted, about to teleport, dragon-form, corroded, flying
A: dragon claw, dragon scales, breathe fire, flying, boosted hp, giant
a: Breathe Fire, Begin Untransformation, Renounce Religion, Wall Jump, Serpent's
Lash, Heavenly Storm


You were on level 3 of the Swamp.
You worshipped Wu Jian.
Wu Jian was exalted by your worship.
You were a fearsome dragon!
You visited 5 branches of the dungeon, and saw 26 of its levels.
You also visited: Ossuary, Gauntlet and Ice Cave.

You collected 3156 gold pieces.
You spent 1547 gold pieces at shops.

Inventory:

Missiles
 d - 5 datura-tipped darts
 B - 17 boomerangs (quivered)
 G - 8 atropa-tipped darts
 P - a throwing net
 S - a curare-tipped dart
 Y - 12 javelins
Armour
 c - a +0 cloak (melded)
 e - a +0 scale mail of willpower
 g - a +6 plate armour of ponderousness (melded)
 m - a +0 pair of boots (melded)
 L - a +0 pair of gloves (melded)
 R - a +0 helmet
Jewellery
 b - a +4 ring of protection (left foreclaw)
 q - the ring "Bosarph" (right foreclaw) {Drain rPois Will+ Str+9 Dex-3}
   (You found it on level 13 of the Dungeon)

   [ring of willpower]

   Str:       It affects your strength (+9).
   Dex:       It affects your dexterity (-3).
   rPois:     It protects you from poison.
   Drain:     It drains your maximum health when unequipped.
   Will:      It increases your willpower.
 J - an amulet of regeneration (around neck)
 N - a ring of resist corrosion
Talismans
 E - a dragon-blood talisman
 W - a storm talisman
Wands
 i - a wand of iceblast (11)
 p - a wand of digging (7)
 H - a wand of polymorph (7)
 I - a wand of charming (46)
 M - a wand of flame (18)
 V - a wand of mindburst (46)
Scrolls
 l - 9 scrolls of teleportation
 n - 3 scrolls of enchant armour
 r - 3 scrolls of fog
 v - 6 scrolls of revelation
 y - 4 scrolls of blinking
 K - 4 scrolls of immolation
 O - 2 scrolls of summoning
 T - 3 scrolls of fear
 U - 3 scrolls of poison
 X - a scroll of silence
 Z - 3 scrolls of vulnerability
Potions
 a - 2 potions of resistance
 f - 3 potions of cancellation
 h - 2 potions of invisibility
 k - a potion of enlightenment
 s - 3 potions of haste
 u - 4 potions of heal wounds
 w - 7 potions of attraction
 x - 10 potions of curing
 z - 4 potions of mutation
 A - 3 potions of might
 C - 3 potions of brilliance
 D - 4 potions of berserk rage
 F - 2 potions of ambrosia
Miscellaneous
 j - a condenser vane
 o - a piece from Xom's chessboard (15/15)
 t - a phial of floods
 Q - a phantom mirror


   Skills:
 + Level 16.1 Fighting
 - Level 2.0 Short Blades
 - Level 4.0 Throwing
 - Level 3.0 Armour
 - Level 12.0 Dodging
 - Level 4.0 Stealth
 - Level 14.0 Unarmed Combat
 - Level 4.0 Evocations
 - Level 15.0 Shapeshifting


You had 16 spell levels left.
You didn't know any spells.
Your spell library contained the following spells:

 Spells                   Type           Power      Damage    Failure   Level
 Apportation              Tloc           0%         N/A       34%         1
 Magic Dart               Conj           0%         1d3       34%         1
 Sandblast                Erth           0%         2d4       34%         1
 Sting                    Tmut/Pois      0%         1d3       34%         1
 Ensorcelled Hibernation  Hex/Ice        0%         N/A       47%         2
 Passwall                 Tmut/Erth      0%         N/A       47%         2
 Poisonous Vapours        Pois/Air       0%         N/A       47%         2
 Searing Ray              Conj           0%         2d4       47%         2
 Sublimation of Blood     Necr           0%         N/A       47%         2
 Wereblood                Tmut           0%         N/A       47%         2
 Inner Flame              Hex/Fire       0%         N/A       71%         3
 Mephitic Cloud           Conj/Pois/Air  0%         N/A       71%         3
 Stone Arrow              Conj/Erth      0%         3d7       71%         3
 Swiftness                Air            0%         N/A       71%         3
 Airstrike                Air            0%         2d(0-16)  98%         4
 Cause Fear               Hex            0%         N/A       98%         4
 Fulminant Prism          Conj/Hex       0%         3d5       98%         4
 Olgreb's Toxic Radiance  Pois           0%         N/A       98%         4
 Summon Lightning Spire   Summ/Air       0%         N/A       98%         4
 Alistair's Intoxication  Tmut/Pois      0%         N/A       100%        5
 Yara's Violent Unravell  Hex/Tmut       0%         3d3       100%        5
 Enfeeble                 Hex            0%         N/A       100%        7
 Malign Gateway           Summ/Tloc      0%         N/A       100%        7
 Summon Hydra             Summ           0%         N/A       100%        7
 Maxwell's Capacitive Co  Air            0%         ∞         100%        8
 Summon Horrible Things   Summ           0%         N/A       100%        8


Dungeon Overview and Level Annotations

Branches:
Dungeon (15/15) Temple (1/1) D:7 Lair (5/5) D:11 Swamp (3/4) Lair:2 Snake (0/4) Lair:2 Slime (0/5) Lair:5 Orc (2/2) D:10 Elf (0/3) Orc:2 Vaults (0/5) D:13 D:14 Depths (0/4) D:15 Ossuary (visited) IceCv (visited) Gauntlet (visited)

Altars:
Ashenzari
Cheibriados
Dithmenos
Elyvilon
Fedhas
Gozag
Hepliaklqana
Kikubaaqudgha
Makhleb
Nemelex Xobeh
Okawaru
Qazlal
Ru
Sif Muna
Trog
Uskayaw
Vehumet
Wu Jian
Xom
Yredelemnul
Zin
The Shining One
Jiyva

Shops:
D:7 *   D:10 :[(   Orc:2 =[(!

Portals:
Trove: D:10 (give +6 demon whip)

Annotations:
D:2 1 runed translucent door, Crazy Yiuf
D:4 1 runed translucent door, knightboat's ghost, novice GnSh
D:7 2 transporters, Palms's ghost, novice SpHu
D:10 2 transporters, KarmaticGoose's ghost, novice GnHu
Lair:3 1 exclusion
Swamp:1 2 transporters, quinnr's ghost, journeyman TeAE
Orc:1 2 runed translucent doors, Liezuv's ghost, journeyman HOFi


Message History

Really fly into that cloud of spectral mist?
You spin and attack the spriggan druid repeatedly, with incredible momentum.
You maul the spriggan druid!!!
With its final breath, the spriggan druid offers up its power to the beasts of the wild!
The spectral death drake seems to grow more fierce.
The bunyip seems to grow more fierce.
The goliath frog seems to grow more fierce.
You blow up the spriggan druid!
The Council accepts your kill.
You hear a splash. x2
You spin and attack the ghost crab repeatedly, with incredible momentum.
You maul the ghost crab!!!
You destroy the ghost crab!
The Council accepts your kill.
The spectral death drake fades away!
Your supernatural speed expires.
Your life force feels restored.
Training target 14.0 for Unarmed Combat reached!
Your Unarmed Combat skill increases to level 14!
You need to enable at least one skill for training.
As you read the scroll of teleportation, it crumbles to dust.
You feel strangely unstable.
You have got your breath back.
The goliath frog is engulfed in spectral mist.
The bunyip howls a warning cry!
The goliath frog hits you from afar. The acid corrodes you!
You are splashed with acid!
The swamp worm fires a harpoon shot at you.
The harpoon shot hits you.
You are yanked forward by the harpoon shot.
You maul the swamp worm!!!
You kill the swamp worm!
The Council accepts your kill.
The bunyip howls a warning cry!
You see here a swamp worm corpse.
The bunyip attacks as you move away! The bunyip claws you!!!
* * * LOW HITPOINT WARNING * * *
The bunyip claws you!
* * * LOW HITPOINT WARNING * * *
The bunyip claws you!!!
You die...

~~.~ .~.§ ..~~. ♣♣♣
~~♣..?. ♣....♣♣♣.♣♣♣
~~.....
.....≈.....♣♣.~~.~~~~
...≈≈≈≈....♣♣~§~~§~~~~..
...≈≈≈≈....♣♣§~~~~~~~~~~
...≈≈≈≈D....♣~~~~~~~~~~~
....♣≈≈.x..♣♣°~§~§~~~~~~
♣ ♣♣♣...♣♣○○~~~~~.~~~~
♣♣..§..F○°☼~~~~......
.~.§.~..)~~○~~~~..~~.
~.~~~~~..~.♣.~~~~~....?
♣...~~~..~.♣♣..~~§..♣♣♣
.♣...~~.~.~♣~~♣.~~~..♣
.≈.♣.~~..~♣♣...~§~..♣


You could see a bunyip (strong, catching breath) and a goliath frog (strong).

Vanquished Creatures
  A tentacled monstrosity (Swamp:3)
  Rupert (Lair:4)
  A thorn hunter (Swamp:3)
  An orc warlord (Orc:2)
  3 eleionomae
  A minotaur (Gauntlet)
  2 bunyips
  A shambling mangrove (Swamp:2)
  A yaktaur captain (D:13)
  An entropy weaver (shapeshifter) (D:14)
  A great orb of eyes (D:15)
  A ghost crab (Swamp:3)
  The ghost of pokeman the Eclecticist, a journeyman DEHW of Vehumet (D:13)
  A spriggan air mage (Swamp:3)
  An ogre mage (Orc:1)
  11 hydras
  4 catoblepae
  5 centaur warriors
  5 boulder beetles
  3 alligators
  3 tengu warriors
  14 death yaks
  10 two-headed ogres
  2 deep troll earth magi (D:13)
  Urug (D:14)
  An orc high priest (Orc:2)
  A skyshark (Lair:2)
  12 skeletal warriors
  3 goliath frogs
  3 spriggan druids
  3 swamp dragons (Swamp:2)
  A lindwurm (Lair:5)
  3 bog bodies
  Pikel (D:6)
  2 deep elf pyromancers
  A harpy (D:13)
  5 orc knights
  A wolf spider (Lair:5)
  A harpy (shapeshifter) (D:13)
  20 ugly things
  2 will-o-the-wisps (Swamp:1)
  An orc sorcerer (Orc:2)
  A cyclops (D:11)
  12 elephants
  4 manticores
  5 black mambas
  A black mamba (shapeshifter) (D:15)
  A torpor snail (Lair:3)
  3 gargoyles
  A kobold demonologist (D:10)
  6 cane toads
  A hellion (Gauntlet)
  A guardian mummy (D:10)
  2 rime drakes (Lair:5)
  3 komodo dragons
  An ice devil (Gauntlet)
  4 trolls
  A bloated husk (Swamp:1)
  A meliai (D:13)
  3 tyrant leeches
  A polar bear (Lair:2)
  15 blink frogs
  5 hornets
  17 dream sheep
  15 slime creatures
  2 wraiths
  4 flying skulls (Gauntlet)
  A shadow (D:12)
  42 yaks
  4 spriggans
  A vampire (D:13)
  7 wyverns
  2 steam dragons
  20 humans
  2 basilisks (D:15)
  12 swamp worms
  Edmund (D:6)
  18 vampire mosquitoes
  3 acid dragons (D:13)
  7 wargs
  19 water moccasins
  A hell hound (Gauntlet)
  A sky beast (D:6)
  2 ice beasts
  3 great orb of eyes simulacra (IceCv)
  4 black bears
  2 swamp drakes (Swamp:1)
  31 orc warriors
  9 wolves
  2 lemures (D:6)
  10 ogres
  6 centaurs
  2 kobold brigands
  2 slime creature simulacra (IceCv)
  2 elf zombies (Ossuary)
  Blork the orc (D:5)
  12 bullfrogs
  A scorpion (D:7)
  3 gnoll sergeants
  2 glowing shapeshifter simulacra (IceCv)
  17 killer bees
  2 electric eels (Lair:1)
  8 howler monkeys
  A human zombie (Ossuary)
  22 orc priests
  5 hounds
  4 jellies
  3 gnoll boudas
  3 iguanas
  30 orc wizards
  A sleepcap (D:5)
  Natasha (twice) (D:2)
  A shapeshifter simulacrum (IceCv)
  4 mummies (Ossuary)
  25 gnolls
  7 adders
  2 shadow imps
  5 white imps
  An ufetubus (D:4)
  An adder zombie (Ossuary)
  2 worms
  93 orcs
  8 ball pythons
  8 bats
  4 endoplasms
  4 giant cockroaches
  6 goblins
  2 hobgoblins (D:2)
  4 jackals (D:5)
  17 kobolds
  4 quokkas
  2 frilled lizards
  A goblin zombie (Ossuary)
  A hobgoblin zombie (Ossuary)
  A jackal zombie (Ossuary)
  2 kobold zombies (Ossuary)
  4 rats
  3 rat zombies (Ossuary)
792 creatures vanquished.

Vanquished Creatures (others)
  2 bloated husks
  A human (D:14)
  A swamp worm (Swamp:2)
  An orc wizard (D:6)
  10 foxfires (Swamp:1)
15 creatures vanquished.

Grand Total: 807 creatures vanquished

Notes
Turn   | Place    | Note
-------+----------+-------------------------------------------
     0 | D:1      | Midn8 the Human Brigand began the quest for the Orb.
     0 | D:1      | Reached XP level 1. HP: 16/16 MP: 1/1
    70 | D:1      | Reached skill level 1 in Unarmed Combat
   111 | D:1      | Reached XP level 2. HP: 22/22 MP: 2/2
   494 | D:1      | Reached XP level 3. HP: 26/27 MP: 3/3
   845 | D:2      | Noticed Natasha
   852 | D:2      | Killed Natasha
   853 | D:2      | Reached skill level 3 in Fighting
   853 | D:2      | Reached XP level 4. HP: 32/35 MP: 4/4
  1190 | D:2      | Noticed Natasha
  1197 | D:2      | Killed Natasha
  1232 | D:2      | Reached XP level 5. HP: 39/42 MP: 5/5
  1372 | D:2      | Found a runed translucent door.
  1373 | D:2      | Noticed Crazy Yiuf
  1489 | D:3      | Reached skill level 4 in Fighting
  1720 | D:3      | Identified the +2 dagger "Nuhopp" {speed, Str+2}
  2667 | D:4      | Reached skill level 5 in Fighting
  2667 | D:4      | Reached skill level 1 in Armour
  2667 | D:4      | Reached XP level 6. HP: 44/51 MP: 6/6
  2954 | D:4      | Found a runed translucent door.
  2957 | D:4      | Noticed knightboat's ghost (novice GnSh)
  3558 | D:5      | Entered Level 5 of the Dungeon
  3738 | D:5      | Found a sand-covered staircase.
  3768 | Ossuary  | Entered an ossuary
  3808 | Ossuary  | Reached XP level 7. HP: 22/56 MP: 7/7
  3851 | Ossuary  | Reached skill level 5 in Unarmed Combat
  4504 | D:5      | Reached XP level 8. HP: 26/62 MP: 8/8
  4943 | D:5      | Got Beplidyorr's Compendium of Electrocution
  5111 | D:5      | Noticed Blork the orc
  5124 | D:5      | Killed Blork the orc
  5423 | D:6      | Noticed a wyvern
  5435 | D:6      | Killed a wyvern
  5591 | D:6      | Noticed Edmund
  5884 | D:6      | Reached skill level 6 in Fighting
  5999 | D:6      | Reached XP level 9. HP: 61/69 MP: 9/9
  6452 | D:6      | Noticed Pikel
  6578 | D:6      | Killed Pikel
  6579 | D:6      | Reached skill level 10 in Unarmed Combat
  6641 | D:6      | Killed Edmund
  6953 | D:6      | Reached skill level 7 in Fighting
  6974 | D:6      | Reached skill level 8 in Fighting
  6980 | D:6      | Reached XP level 10. HP: 38/80 MP: 10/10
  7001 | D:6      | Reached skill level 1 in Evocations
  7366 | D:7      | Found Qeepn's Assorted Antiques.
  7372 | D:7      | Bought a scroll labelled HUCVAI ASUMIMM for 21 gold pieces
  7372 | D:7      | Bought a bone wand for 84 gold pieces
  7639 | D:7      | Identified the +3 spear of the Snake Pit {venom, *Slow
                  | Str+8 Int+6}
  8056 | D:7      | Found a staircase to the Ecumenical Temple.
  8066 | Temple   | Entered the Ecumenical Temple
  8071 | Temple   | Became a worshipper of the Wu Jian Council
  8197 | D:7      | Noticed Palms's ghost (novice SpHu)
  8198 | D:7      | Found a transporter.
  8230 | D:7      | Found a transporter.
  8934 | D:8      | Reached * piety under Wu Jian
  9442 | D:8      | Found a glowing golden altar of the Shining One.
  9699 | D:9      | Noticed a two-headed ogre
  9712 | D:9      | Killed a two-headed ogre
  9713 | D:9      | Reached XP level 11. HP: 43/86 MP: 11/11
 10255 | D:10     | Entered Level 10 of the Dungeon
 10261 | D:10     | Noticed a two-headed ogre
 10427 | D:10     | Found Doli's Book Shop.
 10482 | D:10     | Reached ** piety under Wu Jian
 10504 | D:10     | Reached skill level 5 in Shapeshifting
 10535 | D:10     | Found Jen Baac's Antique Armour Shop.
 10601 | D:10     | Found Zibuode's Antique Weapon Boutique.
 10777 | D:10     | Noticed KarmaticGoose's ghost (novice GnHu)
 10780 | D:10     | Found a transporter.
 10784 | D:10     | Found a transporter.
 10852 | D:10     | Found a portal to a secret trove of treasure.
 11067 | D:10     | Found a staircase to the Orcish Mines.
 11642 | D:11     | Noticed a +0 dagger
 11642 | D:11     | Noticed a +0 dagger
 11647 | D:11     | Found a hide-covered altar of Uskayaw.
 11647 | D:11     | Noticed a manticore
 11656 | D:11     | Killed a manticore
 11732 | D:11     | Noticed a death yak
 11759 | D:11     | Killed a death yak
 11806 | D:11     | Noticed a death yak
 11806 | D:11     | Noticed a death yak
 11806 | D:11     | Noticed a death yak
 11837 | D:10     | Killed a death yak
 11837 | D:10     | Reached *** piety under Wu Jian
 11864 | D:11     | Noticed a death yak
 11898 | D:10     | Killed a death yak
 12057 | D:11     | Noticed a death yak
 12161 | D:11     | Killed a death yak
 12162 | D:11     | Reached XP level 12. HP: 73/92 MP: 12/12
 12332 | D:11     | Noticed a two-headed ogre
 12344 | D:11     | Killed a two-headed ogre
 12583 | D:11     | Found a staircase to the Lair.
 12605 | Lair:1   | Entered Level 1 of the Lair of Beasts
 12773 | Lair:1   | Found a frozen archway.
 12783 | IceCv    | Entered an ice cave
 13050 | IceCv    | Reached skill level 10 in Shapeshifting
 13445 | Lair:1   | Reached **** piety under Wu Jian
 14051 | Lair:2   | Found a staircase to the Snake Pit.
 14063 | Lair:2   | Noticed an eight-headed hydra
 14070 | Lair:2   | Killed an eight-headed hydra
 14071 | Lair:2   | Reached XP level 13. HP: 98/98 MP: 13/13
 14212 | Lair:2   | Found a staircase to the Swamp.
 15107 | Lair:3   | Noticed a six-headed hydra
 15111 | Lair:3   | Killed a nine-headed hydra
 15493 | Lair:3   | You are sucked into a shaft and drop 2 floors!
 15493 | Lair:5   | Entered Level 5 of the Lair of Beasts
 15600 | Lair:5   | Identified the +6 quarterstaff "Geibual" {protect, rPois
                  | rF+}
 15845 | Lair:4   | Noticed Rupert
 15853 | Lair:4   | Killed Rupert
 16109 | Lair:4   | Reached XP level 14. HP: 105/105 MP: 14/14
 16161 | Lair:3   | Got the Octavo of the Voltaic Wyrd
 16412 | Lair:4   | Identified the +0 ring mail of the Buccaneer {*Slow Int+2
                  | Slay+6}
 16873 | Lair:5   | Reached skill level 15 in Shapeshifting
 16932 | Lair:5   | Identified the +5 shortbow of Ancient Evil {drain, Will+}
 17036 | Lair:5   | Reached ***** piety under Wu Jian
 17109 | Lair:5   | Reached skill level 5 in Dodging
 17309 | Lair:5   | Reached skill level 9 in Fighting
 17550 | Lair:5   | Reached skill level 10 in Fighting
 17578 | Lair:5   | Found a viscous altar of Jiyva.
 17588 | Lair:5   | Found a staircase to the Slime Pits.
 17967 | D:11     | Reached XP level 15. HP: 117/117 MP: 15/15
 18232 | D:12     | Reached skill level 11 in Fighting
 18667 | D:12     | Identified the +5 chain mail of Qimoy {rElec rPois rC+}
 18998 | Orc:1    | Entered Level 1 of the Orcish Mines
 19058 | Orc:2    | Entered Level 2 of the Orcish Mines
 19225 | Orc:2    | Found a burning altar of Makhleb.
 19289 | Orc:2    | Found a staircase to the Elven Halls.
 19317 | Orc:2    | Found Vuuhosis's Distillery.
 19455 | Orc:2    | Reached skill level 12 in Fighting
 19558 | Orc:2    | Noticed an orc warlord
 19583 | Orc:2    | Killed an orc warlord
 19671 | Orc:2    | Found Loqib's Antique Weapon Shop.
 19677 | Orc:2    | Found Naqiaz's Antique Armour Boutique.
 19798 | Orc:2    | Reached ****** piety under Wu Jian
 19892 | Orc:2    | Found Qytoulaz's Jewellery Emporium.
 19897 | Orc:2    | Bought a ring of willpower for 350 gold pieces
 20514 | Orc:1    | Found a large runed translucent door.
 20515 | Orc:1    | Found a large runed translucent door.
 20525 | Orc:1    | Noticed Liezuv's ghost (journeyman HOFi)
 21052 | D:13     | Found a gate leading to a gauntlet.
 21062 | Gauntlet | Entered a Gauntlet
 21062 | Gauntlet | Found a transporter.
 21062 | Gauntlet | Found a transporter.
 21066 | Gauntlet | Found a transporter.
 21070 | Gauntlet | Found a transporter.
 21074 | Gauntlet | Found a transporter.
 21093 | Gauntlet | Found a transporter.
 21101 | Gauntlet | Found a transporter.
 21103 | Gauntlet | Found a transporter.
 21103 | Gauntlet | Found a transporter.
 21109 | Gauntlet | Found a transporter.
 21145 | Gauntlet | Found a transporter.
 21163 | Gauntlet | Found a transporter.
 21209 | Gauntlet | Found a transporter.
 21223 | Gauntlet | Found a transporter.
 21323 | Gauntlet | Found a transporter.
 21337 | Gauntlet | Found a transporter.
 21575 | Gauntlet | Identified the ring of Joocuhoz {rF+ Int+6 SInv}
 21588 | Gauntlet | Identified the +0 chain mail "Hasa Asu" {Fly rC+}
 21782 | D:13     | Reached skill level 13 in Fighting
 21998 | D:13     | Reached XP level 16. HP: 131/131 MP: 16/16
 22021 | D:13     | Identified the ring "Bosarph" {Drain rPois Will+ Str+9
                  | Dex-3}
 22211 | D:13     | Found a runed translucent door.
 22212 | D:13     | Noticed pokeman's ghost (journeyman DEHW)
 22403 | Orc:2    | Bought a potion of haste for 140 gold pieces
 22403 | Orc:2    | Bought a potion of heal wounds for 70 gold pieces
 22403 | Orc:2    | Bought a potion of curing for 42 gold pieces
 22545 | D:7      | Bought a phial of floods for 840 gold pieces
 22783 | D:13     | Killed pokeman's ghost
 22785 | D:13     | Reached skill level 14 in Fighting
 22812 | D:14     | Noticed Urug
 22812 | D:14     | Found a gate to the Vaults.
 22952 | D:14     | Reached skill level 10 in Dodging
 23057 | D:14     | Killed Urug
 23871 | D:15     | Entered Level 15 of the Dungeon
 24408 | D:15     | Reached skill level 15 in Fighting
 24440 | D:15     | Found a staircase to the Depths.
 24446 | D:15     | Reached XP level 17. HP: 142/142 MP: 17/17
 24831 | Swamp:1  | Entered Level 1 of the Swamp
 24855 | Swamp:1  | Found a transporter.
 24858 | Swamp:1  | Noticed quinnr's ghost (journeyman TeAE)
 24863 | Swamp:1  | Found a transporter.
 25484 | Swamp:2  | Reached skill level 16 in Fighting
 26070 | Swamp:3  | Noticed a tentacled monstrosity
 26077 | Swamp:3  | Killed a tentacled monstrosity
 26078 | Swamp:3  | Upgraded the game from 0.31-a0-355-g57cb03d3e8 to
                  | 0.31-a0-358-gac0dbeb3ab
 26079 | Swamp:3  | Noticed a thorn hunter
 26101 | Swamp:3  | Killed a thorn hunter
 26178 | Swamp:3  | Slain by a bunyip

Illustrated notes

Levels and vault maps discovered:
D:1:      denvon_arrival_planthouse, layout_basic, minmay_misc_feat_rugged
D:2:      layout_loops_ring, uniq_crazy_yiuf_cottage, uniq_natasha
D:3:      layout_loops_ring
D:4:      layout_loops_ring, hellmonk_ghost_happy_afterlife,
          ebering_dispersal_statue_hall, serial_bayou_lagoon_a,
          kennysheep_generic_room_9
D:5:      layout_rooms, enter_ossuary_1, bh_walls_and_bars, uniq_blork_the_orc
D:6:      layout_loops_cross, kb_lookout_dungeons_type, minmay_ruffians,
          uniq_edmund, uniq_pikel
D:7:      layout_cave_pools, minmay_temple_entry_offerings, serial_shops, shop,
          gammafunk_ghost_stat_death
D:8:      layout_cave_pools, tso_altar, serial_gnoll_camp,
          gnoll_camp_mini_sergeant, gnoll_camp_mini_house,
          gnoll_camp_mini_loothouse, gnoll_camp_mini_house, solitary_fountain
D:9:      layout_loops_cross
D:10:     layout_loops_ring, david_orc_4, nicolae_trove_entry_path_of_doom,
          serial_shops, shop, shop, nicolae_shop_advertising_works
          [nicolae_subvault_shop_adworks], gammafunk_ghost_arena
D:11:     layout_grid_maze, dpeg_lair_monsters, dancing_weapons_uskayaw
D:12:     layout_basic
D:13:     minmay_the_grid_plus_closed [minmay_the_grid_outer_diamond,
          minmay_the_grid_broken_lines, minmay_the_grid_spin_star,
          minmay_the_grid_tiny_cups, minmay_the_grid_prize_diamond_cup],
          layout_stronghold, gauntlet_entry_generic, ebering_ghost_inner_flame
D:14:     layout_roguey, david_vaults_3, amcnicky_mini_rare_corridor_liquid
D:15:     gammafunk_enter_depths_forms, layout_loops_ring,
          minmay_misc_feat_diagonals
Temple:   compressed_dpeg_triangle_lava_temple
Lair:1:   layout_gridlike, portal_ice_cave_entry_pillars_1, wad_woods_river_01
Lair:2:   layout_cave_pods, minmay_swamp_entry_worms,
          minmay_snake_entry_six_corridors, lemuel_fruit_tree,
          grunt_megastairs_4
Lair:3:   layout_gridlike
Lair:4:   layout_loops_ring, st_stairs_10, cheibrodos_lair_caveside_slide,
          lemuel_fruit_fields, uniq_rupert
Lair:5:   hangedman_lair_in_review, layout_big_grid,
          nicolae_slime_entry_field_trip, chequers_serial_rivers_micro_e,
          infiniplex_staircase_pool_2
Swamp:1:  layout_basic_swamp, gammafunk_ghost_mausoleum, serial_swamp_ruin,
          evilmike_swamp_ruin_house_3, evilmike_swamp_ruin_house_6,
          evilmike_swamp_ruin_rubble_2
Swamp:2:  layout_falls_marsh, nicolae_swamp_feature_on_the_river_bank
Swamp:3:  layout_basic_swamp, evilmike_swamp_ruin_house_1, swamp_pool1,
          nicolae_swamp_little_swirl, infiniplex_staircase_pool
Orc:1:    layout_caves, ebering_ghost_disaster_area
Orc:2:    grunt_orc_community_town_hall, layout_diamond_mine,
          grunt_orc_community_big_house_1, grunt_orc_community_big_house_2,
          grunt_orc_community_house_2, grunt_orc_community_house_1,
          grunt_orc_community_house_1, grunt_orc_community_house_2,
          grunt_orc_community_house_3, grunt_orc_community_house_3, basic_altar

Skill      XL: |  1  2  3  4  5  6  7  8  9 10 11 12 13 14 15 16 17 |
---------------+----------------------------------------------------+-----
Unarmed Combat | 1 2 3 6 8 10 12 14 | 14.0
Fighting       | 3 5 6 8 10 13 15 16 | 16.1
Armour         | 1 2 3 |  3.0
Evocations     | 4 |  4.0
Shapeshifting  | 2 8 11 14 15 | 15.0
Throwing       | 3 4 |  4.0
Dodging        | 6 9 12 | 12.0
Short Blades   | |  2.0
Stealth        | |  4.0

Action                     |  1- 3 |  4- 6 |  7- 9 | 10-12 | 13-15 | 16-18 || total
---------------------------+-------+-------+-------+-------+-------+-------++-------
  Melee: Dagger            |    90 |   188 |    42 |       |       |       ||   320
         Punch             |       |     8 |    16 |    63 |    49 |    27 ||   163
         Unarmed           |       |    23 |   312 |   768 |   772 |   452 ||  2327
         Tailslap          |       |       |       |       |   119 |    86 ||   205
         Bite              |       |       |       |       |    92 |    52 ||   144
  Throw: Dart              |       |       |    24 |    49 |       |       ||    73
         Boomerang         |       |       |       |    15 |       |       ||    15
 Invoke: Serpent's Lash    |       |       |       |     2 |     9 |     5 ||    16
Ability: Lunge             |       |       |       |    51 |   102 |    42 ||   195
         Whirlwind         |       |       |       |    14 |   179 |   112 ||   305
         Breathe Fire      |       |       |       |       |    15 |     8 ||    23
  Evoke: Wand              |       |       |     1 |     6 |       |       ||     7
    Use: Scroll            |       |    10 |     6 |    10 |     9 |     2 ||    37
         Potion            |       |     1 |     1 |       |     3 |       ||     5
   Stab: Sleeping          |     7 |       |       |       |    18 |     3 ||    28
         Invisible         |       |       |     8 |       |       |       ||     8
         Distracted        |       |       |       |       |       |     1 ||     1
 Armour: Robe              |    22 |       |       |       |       |       ||    22
         Chain mail        |    18 |   207 |   198 |       |       |       ||   423
         Scale mail        |       |       |    22 |   104 |       |       ||   126
         Plate armour      |       |       |       |   263 |    13 |       ||   276
         Skin              |       |       |       |       |   266 |   147 ||   413
  Dodge: Dodged            |    57 |   138 |   153 |   181 |   203 |   199 ||   931
   Form: Beast             |       |       |       |     3 |       |       ||     3
         Dragon            |       |       |       |     1 |     1 |       ||     2
         Blade             |       |       |       |     1 |       |       ||     1

Table legend: (Time is in decaauts)
 A = Elapsed time spent in this place.
 B = Non-inter-level travel time spent in this place.
 C = Inter-level travel time spent in this place.
 D = Time resting spent in this place.
 E = Time spent auto-exploring this place.
 F = Levels seen in this place.
 G = Mean time per level.
                   A        B        C        D        E       F      G
               +--------+--------+--------+--------+--------+-----+--------+
         Total |  26162 |  24406 |   1756 |   4558 |  13756 |  29 |  902.1 |
       Dungeon |  16736 |  15432 |   1304 |   3273 |   8630 |  15 | 1115.7 |
        Temple |     10 |      6 |      4 |      0 |      0 |   1 |   10.0 |
          Lair |   5014 |   4684 |    330 |    517 |   3099 |   5 | 1002.8 |
         Swamp |   1324 |   1315 |      9 |    260 |    727 |   3 |  441.3 |
  Orcish Mines |   1709 |   1601 |    108 |    168 |    924 |   2 |  854.5 |
       Ossuary |    514 |    514 |      0 |    238 |     70 |   1 |  514.0 |
      Ice Cave |    300 |    300 |      0 |     94 |     19 |   1 |  300.0 |
      Gauntlet |    551 |    551 |      0 |      8 |    287 |   1 |  551.0 |
               +--------+--------+--------+--------+--------+-----+--------+

Top non-repeatable levels by time:
     D:6: 2150 daAuts
    D:11: 1691 daAuts
    D:10: 1531 daAuts
     D:4: 1179 daAuts
  Lair:2: 1172 daAuts
     D:7: 1162 daAuts
  Lair:5: 1123 daAuts
    D:13: 1122 daAuts
  Lair:1: 1118 daAuts
   Orc:2: 1069 daAuts
    D:14: 1066 daAuts
     D:5: 1028 daAuts
     D:2: 1009 daAuts
     D:3: 915 daAuts
     D:8: 886 daAuts
